 Dungeon Crawl Stone Soup version 0.22-a0-580-gd5db89c09a (webtiles) character file.

863 Kholdaimon the Nimble (level 8, -8/58 HPs)
             Began as a Merfolk Gladiator on July 3, 2018.
             Was a Believer of Okawaru.
             Killed by divine providence
             ... invoked by an orc priest
              (15 damage)
             ... on level 5 of the Dungeon.
             The game lasted 00:21:00 (5070 turns).

Kholdaimon the Nimble (Merfolk Gladiator)           Turns: 5070, Time: 00:21:00

Health: -8/58      AC:  4    Str: 15    XL:     8   Next: 3%
Magic:  17/17      EV: 23    Int:  9    God:    Okawaru [**....]
Gold:   135        SH:  5    Dex: 20    Spells: 7/7 levels left

rFire    . . .     SeeInvis .   a - +1 long sword
rCold    . . .     Gourm    .   m - +1 buckler
rNeg     . . .     Faith    .   b - +0 leather armour
rPois    .         Spirit   .   c - +0 helmet
rElec    .         Reflect  .   A - scarf {repulsion}
rCorr    .         Harm     .   (no gloves)
MR       .....                  (no boots)
Stlth    +++.......             (no amulet)
HPRegen  0.19/turn              (no ring)
MPRegen  0.15/turn              q - ring of magical power

@: agile, repel missiles
A: change form in water, swift swim, stealthy swim
a: Heroism, Renounce Religion


You were on level 5 of the Dungeon.
You worshipped Okawaru.
Okawaru was pleased with you.
You were not hungry.

You visited 2 branches of the dungeon, and saw 6 of its levels.

You collected 135 gold pieces.

Inventory:

Hand Weapons
 a - a +1 long sword (weapon)
 p - a +0 dagger of electrocution
 r - a +2 short sword of venom
Missiles
 d - 3 throwing nets
 k - 8 tomahawks
 s - 65 stones (quivered)
Armour
 b - a +0 leather armour (worn)
 c - a +0 helmet (worn)
 e - a +2 chain mail of fire resistance
 m - a +1 buckler (worn)
 A - a scarf of repulsion (worn)
Jewellery
 q - a ring of magical power (right hand)
 t - an uncursed amulet of rage
Wands
 w - a wand of flame (26)
Scrolls
 g - 4 scrolls of remove curse
 h - a scroll of noise {unknown}
 i - a scroll of enchant armour
 j - a scroll of fear {unknown}
 n - a scroll of teleportation
 x - a scroll of enchant weapon
Potions
 l - 2 potions of curing
 o - a potion of agility
 v - 3 potions of mutation
Comestibles
 f - 14 rations
 u - 3 chunks of flesh


   Skills:
 - Level 3.0 Fighting
 + Level 7.2 Long Blades
 - Level 3.0 Throwing
 + Level 8.6 Dodging


You had 7 spell levels left.
You didn't know any spells.
Your spell library contained the following spells:

 Spells                   Type           Power        Failure   Level  Hunger
 Magic Dart               Conj           #...         63%         1    ##.....
 Conjure Flame            Conj/Fire      #.......     94%         3    ####...
 Slow                     Hex            #.......     77%         2    ###....
 Mephitic Cloud           Conj/Pois/Air  #.......     94%         3    ####...
 Blink                    Tloc           N/A          77%         2    ###....
 Call Imp                 Summ           #.......     77%         2    ###....


Dungeon Overview and Level Annotations

Branches:
Dungeon (5/15)             Temple (1/1) D:4

Altars:
Ashenzari
Cheibriados
Kikubaaqudgha
Nemelex Xobeh
Okawaru
Qazlal
Ru
Trog
Uskayaw
Wu Jian
Xom
Yredelemnul
Zin
The Shining One


Message History

The orc priest closely misses you.
You barely miss the orc priest.
The orc priest is lightly wounded.
The orc priest mumbles some strange prayers to Beogh against you.
Pain shoots through your body!
* * * LOW HITPOINT WARNING * * *
Okay, then.
You hit the orc priest.
The orc priest is moderately wounded.
The orc priest mumbles some strange prayers to Beogh against you.
Pain shoots through your body!
* * * LOW HITPOINT WARNING * * *
The orc priest hits you with a hand axe.
* * * LOW HITPOINT WARNING * * *
You feel agile all of a sudden.
You hit the orc priest.
The orc priest is severely wounded.
The orc priest mumbles some strange prayers to Beogh against you.
Beogh smites you!
You die...

......... .w.......
......... .........
. . .o....... .# ..
........# .# ...
..o.....# .#
............# .#
..... #.##.#
......#####)##.#####
#.oo@...........#
#..#######..###.#
#..#######..# # ..
..........###.# ♣♣
.#######......##.
#.........
#.######## #.# #.#


You could see an orc priest and an orc.

Vanquished Creatures
  A sky beast (D:4)
  A phantom (D:5)
  2 centaurs (D:5)
  A howler monkey (D:5)
  A hound (D:5)
  2 orc priests
  An iguana (D:4)
  3 orc wizards
  4 worker ants (D:4)
  A hound zombie (D:5)
  5 adders
  An adder skeleton (D:5)
  4 worms
  5 dart slugs
  2 leopard geckos
  9 orcs
  2 ball pythons
  4 giant cockroaches
  7 hobgoblins
  8 jackals
  9 kobolds
  A quokka (D:2)
  A ball python skeleton (D:4)
  6 bats
  7 frilled lizards
  7 goblins
  A leopard gecko zombie (D:5)
  25 rats
121 creatures vanquished.

Notes
Turn   | Place    | Note
-------+----------+-------------------------------------------
     0 | D:1      | Kholdaimon the Merfolk Gladiator began the quest for the Orb.
     0 | D:1      | Reached XP level 1. HP: 16/16 MP: 1/1
    62 | D:1      | Reached XP level 2. HP: 15/23 MP: 2/2
   829 | D:1      | Reached XP level 3. HP: 28/28 MP: 3/3
  1329 | D:2      | You fall through a shaft for 2 floors!
  1333 | D:4      | Reached XP level 4. HP: 33/34 MP: 4/4
  1375 | D:4      | Found a staircase to the Ecumenical Temple.
  1409 | Temple   | Entered the Ecumenical Temple
  1459 | Temple   | Became a worshipper of Warmaster Okawaru
  1939 | D:3      | Reached skill level 5 in Dodging
  2486 | D:3      | Reached XP level 5. HP: 39/41 MP: 5/5
  2889 | D:3      | Found a bloodstained altar of Trog.
  2889 | D:3      | Found a glowing silver altar of Zin.
  2894 | D:3      | Found a faded altar of an unknown god.
  2896 | D:3      | Found a shattered altar of Ashenzari.
  2897 | D:3      | Found a faded altar of an unknown god.
  3283 | D:4      | Noticed a sky beast
  3303 | D:4      | Killed a sky beast
  3303 | D:4      | Reached skill level 5 in Long Blades
  3303 | D:4      | Reached skill level 6 in Dodging
  3303 | D:4      | Reached XP level 6. HP: 7/47 MP: 6/6
  3689 | D:4      | Reached * piety under Okawaru
  4093 | D:4      | Reached skill level 7 in Dodging
  4208 | D:5      | Entered Level 5 of the Dungeon
  4235 | D:5      | Reached XP level 7. HP: 49/52 MP: 7/7
  4387 | D:5      | Found a basalt altar of Yredelemnul.
  4498 | D:5      | Reached skill level 8 in Dodging
  4879 | D:5      | Reached ** piety under Okawaru
  5054 | D:5      | Reached XP level 8. HP: 32/58 MP: 8/8
  5070 | D:5      | Killed from afar by an orc priest

Vault maps used:
D:1:      lightli_arrival_isolated_outpost
D:2:      minmay_rat_hole
D:3:      chequers_temple_overflow_minitemple
D:4:      minmay_temple_entry_purple_smoke
D:5:      nicolae_overflow_crystal_walls, first_ration, minmay_tree_intersection
Temple:   eino_temple_scatter_basement

Skill      XL: |  1  2  3  4  5  6  7 |
---------------+----------------------+-----
Long Blades    | 4 5 6 7 |  7.2
Fighting       | 3 |  3.0
Throwing       | 3 |  3.0
Dodging        | 5 6 7 8 |  8.6

Action                   |  1- 3 |  4- 6 |  7- 9 || total
-------------------------+-------+-------+-------++-------
Melee: Long sword        |   102 |   171 |    95 ||   368
Throw: Tomahawk          |     1 |    15 |     9 ||    25
       Stone             |       |       |    15 ||    15
       Throwing net      |       |       |     1 ||     1
  Use: Scroll            |       |    12 |     1 ||    13
       Potion            |       |     1 |     1 ||     2
 Stab: Sleeping          |     2 |     1 |       ||     3
       Distracted        |       |     1 |       ||     1
  Eat: Chunk             |     2 |     6 |     2 ||    10
       Ration            |       |     1 |       ||     1
Armor: Leather armour    |    37 |    23 |    11 ||    71
Dodge: Dodged            |    76 |   112 |    63 ||   251
       Deflected         |       |       |     2 ||     2
Block: Buckler           |     9 |    29 |    11 ||    49
       Rpst.: Long sword |    21 |    37 |    23 ||    81

Table legend:
 A = Spawn XP
 B = Non-spawn XP
 C = Spawn XP percentage of total XP
 D = Spawn monster count
 E = Non-spawn monster count
 F = Spawn count percentage of total count
 G = Total turns spent on level
                    A         B        C        D         E        F      G
               +---------+---------+-------+---------+---------+-------+---------
         Total |       0 |    1234 |   0.0 |       0 |     121 |   0.0 |  5070
               +---------+---------+-------+---------+---------+-------+---------
           D:1 |       0 |      38 |   0.0 |       0 |      23 |   0.0 |   948
           D:2 |       0 |      77 |   0.0 |       0 |      43 |   0.0 |   769
           D:3 |       0 |      54 |   0.0 |       0 |      16 |   0.0 |  1249
           D:4 |       0 |     440 |   0.0 |       0 |      18 |   0.0 |  1212
           D:5 |       0 |     625 |   0.0 |       0 |      21 |   0.0 |   830
               +---------+---------+-------+---------+---------+-------+---------
